Map: Hielo y cromo EJ

Players

NITRAM

  • Race: Zerg Zerg
  • League: Gold
  • Spawn Location: 7:00

Leavage - Winner!

  • Race: Terran Terran
  • League: Platinum
  • Spawn Location: 1:00

VOD

Have the link to the VOD?

Description

Time

  • Played on: Aug. 10, 2020, 7:49 p.m.
  • Length: 26:08
Show
View Real Time Build Order
Export as new Build Order

NITRAM Zerg 

Build Orders: Hatch First 

Get SALT Encoding   

  12  0:02  Drone  
  13  0:13  Overlord  
  13  0:17  Drone  
  14  0:31  Drone x2  
  16  0:36  Drone  
  17  0:56  Drone  
  18  0:57  Hatchery  
  18  1:00  Drone  
  18  1:08  Extractor  
  17  1:18  Spawning Pool  
  16  1:26  Overlord  
  16  1:28  Drone  
  16  1:32  Drone  
  18  1:46  Drone  
  19  1:51  Drone  
  20  2:09  Queen  
  20  2:10  Queen  
  20  2:11  Zergling x4  
  20  2:15  Drone  
  27  2:26  Zergling x2  
  27  2:28  Drone  
  29  2:37  Drone x2  
  31  2:48  Drone  
  31  2:49  Drone  
  33  3:04  Drone x2  
  35  3:07  Overlord  
  35  3:10  Queen, Hatchery  
  36  3:16  Metabolic Boost  
  36  3:22  Overlord x2  
  36  3:32  Drone x5  
  41  3:42  Drone  
  41  3:43  Drone  
  41  3:44  Drone  
  44  4:07  Overlord x2  
  44  4:08  Drone  
  44  4:09  Drone x4  
  48  4:16  Queen  
  50  4:17  Overlord  
  50  4:20  Lair  
  50  4:23  Drone  
  51  4:24  Extractor  
  50  4:32  Queen  
  52  4:45  Baneling Nest  
  51  4:46  Drone x3  
  51  4:47  Drone, Evolution Chamber  
  51  4:48  Drone x2  
  51  4:49  Evolution Chamber  
  55  4:59  Drone x3  
  58  5:08  Queen  
  58  5:14  Zergling x6  
  63  5:24  Zerg Melee Weapons Level 1  
  63  5:25  Zerg Ground Armor Level 1  
  63  5:27  Zergling x4  
  63  5:28  Zergling x6  
  58  5:44  Drone  
  58  5:45  Drone x5  
  60  5:58  Spore Crawler  
  60  5:59  Overseer  
  39  6:21  Drone x2  
  39  6:22  Drone  
  38  6:28  Drone x3  
  38  6:30  Drone x3  
  38  6:31  Drone x2  
  38  6:32  Drone x4  
  50  6:51  Queen  
  52  6:55  Zergling x12  
  52  6:56  Hatchery  
  52  6:59  Centrifical Hooks  
  57  7:11  Spore Crawler  
  57  7:14  Spore Crawler, Baneling x3  
  57  7:15  Baneling  
  55  7:17  Overseer  
  55  7:19  Zergling x6  
  58  7:26  Zergling x6  
  58  7:27  Drone x3  
  58  7:28  Drone x4  
  68  7:39  Extractor  
  68  7:40  Extractor, Drone x5  
  71  7:51  Queen  
  73  8:11  Baneling  
  73  8:12  Baneling x12  
  73  8:27  Zergling x18  
  75  8:29  Drone x5  
  87  8:44  Spire  
  87  8:48  Drone x2  
  88  9:06  Drone x3  
  88  9:07  Drone x2  
  93  9:10  Extractor x2  
  91  9:28  Drone x3  
  91  9:29  Drone x2  
  96  9:46  Overlord x2  
  94  10:05  Spire  
  90  10:20  Zerg Melee Weapons Level 2, Zerg Ground Armor Level 2  
  90  10:30  Infestation Pit  
  90  10:33  Drone x3  
  90  10:34  Drone  
  93  10:42  Baneling x3  
  93  10:43  Baneling x13  
  93  10:44  Baneling  
  93  10:46  Overlord x2  
  93  10:58  Zergling x4  
  93  10:59  Zergling x4  
  97  11:05  Queen  
  99  11:18  Hatchery  
  98  11:19  Corruptor x6  
  98  11:20  Corruptor  
  98  11:21  Corruptor x3  
  98  11:24  Overlord x3  
  118  11:48  Overlord x2  
  118  11:50  Zergling x12  
  118  11:51  Zergling x8  
  128  12:00  Hive  
  128  12:02  Zerg Flyer Weapons Level 1  
  121  12:43  Zergling x2  
  121  12:44  Zergling x28  
  101  13:20  Ultralisk Cavern  
  101  13:24  Baneling  
  101  13:25  Baneling x13, Zergling x2  
  101  13:26  Zergling x22  
  112  13:38  Overseer  
  112  13:39  Pneumatized Carapace  
  112  13:47  Zergling x4  
  112  13:48  Zergling x8  
  118  13:58  Zergling x2  
  118  13:59  Zergling x6  
  122  14:05  Zergling x2  
  122  14:06  Zergling x4  
  106  14:18  Zergling x10  
  89  14:26  Baneling  
  89  14:27  Baneling x13  
  89  14:31  Ultralisk x4  
  110  14:52  Zergling x6  
  97  15:20  Zergling x6  
  97  15:21  Zergling x12  
  92  15:40  Hatchery  
  84  15:53  Overlord, Hatchery  
  84  15:55  Zergling x2  
  84  15:56  Zergling x16  
  92  15:58  Baneling x13  
  92  15:59  Baneling x5  
  83  16:42  Zergling x2, Ultralisk x2  
  83  16:43  Zergling x24  
  108  16:58  Zerg Melee Weapons Level 3  
  108  16:59  Zerg Ground Armor Level 3  
  108  17:00  Zergling x2  
  108  17:01  Zergling x12  
  115  17:07  Hatchery  
  114  17:17  Baneling  
  114  17:18  Baneling x7  
  114  17:19  Baneling  
  114  17:21  Baneling x3  
  114  17:22  Zergling x16  
  122  17:29  Drone  
  123  17:30  Drone x5  
  123  17:31  Drone  
  99  17:55  Zergling x2  
  99  17:56  Baneling x2, Zergling x4  
  99  17:57  Baneling x5  
  90  18:18  Zergling x20  
  97  18:28  Zergling x2  
  97  18:29  Zergling x2  
  99  18:54  Zergling x2  
  99  18:55  Zergling x20  
  92  19:17  Zergling x2  
  92  19:18  Zergling x8  
  92  19:22  Drone x6  
  95  19:34  Zergling x2  
  95  19:35  Zergling x2  
  95  19:38  Baneling x10  
  94  19:42  Queen  
  94  19:44  Extractor  
  95  19:47  Extractor  
  94  20:22  Zergling x6  
  94  20:23  Zergling x30  
  78  20:37  Zergling x10  
  83  20:47  Adrenal Glands  
  83  20:51  Hatchery  
  83  20:57  Extractor  
  81  21:03  Baneling  
  81  21:04  Baneling x26  
  81  21:23  Zergling x2  
  81  21:24  Zergling x32  
  81  21:25  Zergling x2  
  93  21:37  Zergling x2  
  93  21:38  Zergling x16  
  102  21:54  Mutalisk  
  102  21:55  Mutalisk x4  
  102  21:57  Mutalisk x4  
  117  22:34  Zergling x8  
  117  22:35  Zergling x8  
  73  23:07  Zergling x6  
  73  23:08  Zergling x22  
  73  23:09  Extractor, Hatchery  
  73  23:10  Extractor  
  82  23:17  Zergling x6  
  82  23:18  Zergling x2  
  70  23:29  Baneling x3  
  70  23:30  Baneling x23  
  70  23:34  Mutalisk  
  70  23:35  Mutalisk x10  
  73  24:15  Mutalisk  
  73  24:16  Mutalisk x2  
  73  24:23  Zergling x2  
  66  24:24  Zergling x30  
  75  24:59  Zergling x8  
  75  25:00  Zergling x26  
  75  25:05  Queen  
  75  25:06  Drone x4  
  85  25:14  Zergling x16  
  85  25:19  Baneling x4  
  93  25:24  Extractor  
  93  25:25  Extractor  
Show
View Real Time Build Order
Export as new Build Order

Leavage Terran - Winner!

Build Orders: Reaper Expand, Hellion Banshee 

Get SALT Encoding   

  12  0:00  SCV  
  13  0:12  SCV  
  14  0:17  Supply Depot  
  14  0:24  SCV  
  15  0:43  Barracks  
  15  0:45  SCV  
  16  0:51  Refinery  
  16  0:57  SCV  
  17  1:09  SCV  
  18  1:22  SCV  
  19  1:35  Reaper  
  19  1:39  Command Center  
  20  1:44  Orbital Command  
  20  1:52  Supply Depot  
  20  2:06  Marine  
  21  2:15  Factory  
  21  2:16  SCV  
  22  2:29  Barracks Reactor  
  22  2:31  SCV  
  22  2:35  Refinery  
  23  2:46  SCV  
  24  2:54  Orbital Command  
  24  3:01  SCV  
  25  3:06  Starport  
  25  3:13  SCV  
  25  3:14  Hellion x2  
  25  3:17  Barracks Tech Lab  
  30  3:20  SCV  
  31  3:29  SCV  
  31  3:33  SCV  
  33  3:41  SCV  
  34  3:49  Hellion x2  
  34  3:54  SCV x2  
  40  3:57  Supply Depot  
  40  4:00  Banshee  
  42  4:11  Hellion x2  
  42  4:16  Cloaking Field  
  46  4:19  SCV  
  47  4:25  SCV  
  48  4:31  SCV  
  48  4:32  Hellion x2, Supply Depot  
  53  4:40  Barracks Tech Lab  
  53  4:53  Banshee  
  53  4:54  Hellion x2  
  53  4:55  SCV x2  
  53  4:57  Supply Depot  
  62  5:03  Armory  
  62  5:06  Supply Depot  
  62  5:19  SCV x2  
  64  5:25  Stimpack  
  64  5:26  Barracks  
  64  5:28  Barracks  
  64  5:31  SCV x2  
  66  5:43  SCV  
  61  6:07  SCV  
  61  6:08  SCV  
  52  6:20  SCV  
  47  6:26  SCV  
  47  6:29  Barracks Tech Lab  
  47  6:30  Factory Reactor  
  47  6:32  SCV  
  49  6:38  SCV  
  50  6:40  Command Center  
  50  6:41  Starport Reactor  
  50  6:44  SCV  
  50  6:45  Refinery, Marine  
  50  6:46  Refinery, Supply Depot  
  52  6:49  Supply Depot  
  52  6:50  SCV  
  53  6:56  SCV  
  53  6:59  Barracks  
  54  7:01  Barracks  
  54  7:02  SCV  
  54  7:03  Barracks, Marine  
  54  7:04  Engineering Bay  
  54  7:05  Engineering Bay  
  54  7:06  Marine  
  54  7:07  Marine x2  
  54  7:08  Combat Shield, SCV  
  60  7:15  SCV  
  61  7:20  SCV  
  61  7:21  Marine  
  63  7:23  Supply Depot  
  63  7:25  Supply Depot  
  63  7:27  SCV  
  63  7:28  Marine x3  
  63  7:29  Supply Depot  
  67  7:32  Siege Tank, SCV  
  67  7:33  Medivac  
  67  7:34  Medivac  
  75  7:39  Marine, SCV  
  77  7:44  SCV  
  77  7:46  Marine x3  
  81  7:52  SCV  
  81  7:53  Orbital Command  
  81  7:56  SCV  
  81  7:57  Marine  
  85  7:59  Barracks Reactor  
  85  8:00  Barracks Reactor  
  85  8:04  Marine, SCV  
  86  8:08  SCV  
  86  8:11  Marine x2  
  89  8:14  Marine  
  89  8:15  Siege Tank  
  89  8:16  SCV  
  94  8:21  SCV  
  94  8:22  Marine  
  94  8:23  Orbital Command  
  96  8:29  SCV, Marine x2  
  96  8:32  Marine  
  100  8:39  Marine  
  100  8:41  Marine x4  
  102  8:47  Marine x2  
  107  8:50  Marine  
  107  8:55  SCV x2, Marine x2  
  110  8:57  Marine  
  110  8:58  Marine  
  110  8:59  Marine x3  
  110  9:01  Medivac  
  110  9:02  Medivac  
  121  9:05  Marine x2  
  121  9:07  SCV  
  124  9:11  Refinery  
  124  9:16  Refinery  
  125  9:17  SCV  
  125  9:20  SCV x2  
  125  9:24  Marine x6  
  127  9:25  Supply Depot  
  127  9:27  Supply Depot  
  127  9:28  Supply Depot  
  133  9:35  Supply Depot  
  133  9:37  Supply Depot  
  133  9:47  Medivac, Marine x6  
  133  9:49  Siege Tank, Marine  
  145  9:54  Marine x3  
  146  10:05  Medivac, Marine x2  
  135  10:15  Marine  
  135  10:16  Marine x7  
  135  10:17  Medivac  
  142  10:21  Siege Tank  
  142  10:22  Marine x2  
  147  10:32  SCV x3  
  147  10:34  Marine x7  
  147  10:35  Marine  
  158  10:37  Terran Infantry Weapons Level 1  
  158  10:40  Terran Infantry Armor Level 1, Marine x2  
  158  10:42  Terran Vehicle Weapons Level 1  
  160  10:52  Marine x4  
  160  10:53  Siege Tank  
  160  10:57  Marine x4  
  167  10:58  Marine x2  
  173  11:18  Factory  
  173  11:19  Missile Turret, Supply Depot  
  173  11:20  Supply Depot x2  
  173  11:25  Medivac x2, Marine x4  
  181  11:28  Supply Depot  
  181  11:40  Marine x5  
  181  11:41  Siege Tank, Marine  
  181  11:43  Marine x2  
  192  12:19  Marine x2  
  192  12:20  Marine x6  
  192  12:41  Marine x2  
  192  12:42  Marine x2  
  138  12:45  Marine  
  138  12:46  Marine x5  
  138  12:47  Terran Infantry Weapons Level 2, Terran Infantry Armor Level 2  
  140  12:59  Marine x4  
  140  13:03  Marine  
  140  13:04  Marine x3  
  148  13:07  Factory Tech Lab  
  148  13:15  Marine x2  
  150  13:20  Command Center  
  150  13:36  Command Center  
  147  13:57  Marine  
  147  13:58  Marine x9  
  147  14:00  Siege Tank x2  
  147  14:02  Terran Vehicle Weapons Level 2, Medivac x2  
  167  14:15  Marine  
  167  14:16  Marine x6  
  158  14:20  Marine x3  
  151  14:31  Medivac  
  151  14:32  Siege Tank, Medivac  
  151  14:33  Marine x6  
  151  14:34  Marine  
  151  14:38  Marine x3  
  160  14:51  Marine x3  
  159  14:56  Siege Tank  
  161  15:04  Siege Tank  
  133  15:22  Marine x7  
  133  15:23  Marine x3  
  133  15:28  Siege Tank  
  126  15:39  Marine  
  126  15:40  Marine x9  
  125  15:45  Terran Infantry Weapons Level 3, Terran Infantry Armor Level 3  
  119  15:57  Marine  
  119  15:58  Marine x9  
  119  16:00  Siege Tank  
  132  16:05  Planetary Fortress  
  132  16:06  Planetary Fortress  
  132  16:11  Siege Tank  
  135  16:12  Medivac  
  135  16:13  Medivac  
  135  16:15  Marine  
  135  16:16  Marine x3  
  142  16:22  Marine x6  
  148  16:32  Siege Tank  
  151  16:33  Marine x2  
  151  16:34  Marine x2  
  132  16:40  Marine x4  
  132  16:41  Marine x2  
  132  16:43  Siege Tank  
  141  16:51  Marine x2  
  141  16:52  Marine x2  
  145  16:58  Marine x2  
  147  17:04  Siege Tank  
  147  17:05  Marine x4  
  147  17:07  Missile Turret  
  154  17:08  Marine  
  154  17:09  Marine x2  
  154  17:10  Marine  
  154  17:11  Missile Turret  
  158  17:15  Marine  
  158  17:16  Marine  
  158  17:17  Missile Turret  
  160  17:22  Marine  
  160  17:23  Marine x3  
  160  17:26  Marine  
  160  17:27  Marine x3  
  168  17:33  Marine  
  168  17:34  Marine  
  170  17:40  Marine  
  170  17:41  Marine x3  
  165  17:44  Marine  
  165  17:45  Marine x3  
  149  17:54  Marine  
  149  17:55  Marine  
  149  17:58  Marine x4  
  151  18:02  Marine x2  
  151  18:03  Marine x2  
  141  18:28  Marine x4  
  145  18:35  Marine x4  
  145  18:39  Marine x2  
  151  18:45  Marine  
  151  18:46  Barracks  
  151  18:47  Barracks  
  152  18:52  Factory  
  152  18:59  Siege Tank x2  
  152  19:00  Medivac x2  
  152  19:01  Terran Vehicle Weapons Level 3  
  162  19:15  Marine x7  
  162  19:16  Marine x3  
  171  19:31  Siege Tank x2  
  169  19:32  Marine  
  169  19:33  Marine x6  
  169  19:34  Marine x3  
  169  19:38  Factory  
  172  19:50  Marine x2  
  172  19:51  Marine x2  
  176  19:56  Marine x6  
  182  20:03  Siege Tank x2  
  188  20:08  Marine  
  189  20:24  Command Center  
  169  20:35  Siege Tank x2  
  167  20:36  Marine x4  
  167  20:37  Marine x6  
  177  20:45  Factory Tech Lab  
  177  20:46  Factory Tech Lab  
  177  20:54  Marine x4  
  181  21:02  Marine x6  
  187  21:07  Siege Tank x2  
  193  21:12  Marine x4  
  197  21:19  Marine  
  197  21:20  Marine x2  
  197  21:25  Marine x3  
  197  21:30  Marine x4  
  196  21:37  Marine  
  196  21:38  Marine x2  
  199  21:42  Planetary Fortress, Marine  
  199  21:46  Missile Turret  
  199  22:22  Marine  
  194  22:53  Missile Turret, Marine x6  
  194  22:55  Missile Turret  
  174  23:05  Marine x4  
  167  23:11  Marine x4  
  165  23:18  Medivac x2  
  166  23:35  Marine x2  
  166  23:36  Marine  
  165  24:09  Marine x10  
  168  24:11  Thor x4  
  187  24:26  Marine  
  187  24:27  Marine x6  
  194  24:34  Medivac x2  
  198  24:40  Command Center  
  189  24:53  Thor  
  189  24:57  Marine x2  
  189  24:58  Missile Turret x2  
  178  25:13  Marine  
  178  25:14  Marine x7  
  174  25:15  Marine x2  
  174  25:16  Thor x2  
  195  25:31  Marine  
  195  25:32  Marine  
  196  25:37  Hellbat  
  198  25:47  Refinery  
  198  25:51  Refinery  
Tags
 
Add a new tag
Caveats
  • Supply blocks, unpowered buildings, or Contaminate may cause inaccurate times.
  • Supply counts are checked every 10 seconds.